| TOP OF THE 1ST |
|
Los Angeles Dodgers batting - Pitching for Cincinnati Reds : RHP Gary Nolan
|
|
Pitching: RHP Gary Nolan
|
|
|
Batting: RHB Billy Sample
|
0-0: Fly out, F4 (Flyball, 4D, EV 88.8 MPH)
|
|
Batting: SHB Spike Owen
|
0-0: Ground out 1-3 (Groundball, 13, EV 72.5 MPH)
|
|
Batting: RHB Jerry Keller
|
0-0: Ball 1-0: Ball 2-0: Called Strike 2-1: SINGLE (Groundball, 56D, EV 96.9 MPH)
|
|
Batting: RHB Dick Davis
|
0-0: Called Strike 0-1: Foul Ball, location: 2F 0-2: Foul Ball, location: 2F 0-2: Ball 1-2: Foul Ball, location: 2F 1-2: SINGLE (Line Drive, 89M, EV 103.8 MPH) Jerry Keller to second Runner from 2nd tries for 3rd, SAFE, no throw by RF
|
|
Batting: RHB Barry Evans
|
0-0: Called Strike 0-1: Ball 1-1: Swinging Strike 1-2: Ball 2-2: Strikes out swinging
|
| Top of the 1st over - 0 runs, 2 hits, 0 errors, 2 left on base; Los Angeles 0 - Cincinnati 0 |
| BOTTOM OF THE 1ST |
|
Cincinnati Reds batting - Pitching for Los Angeles Dodgers : RHP Mario Soto
|
|
Pitching: RHP Mario Soto
|
|
|
Batting: RHB Gary Matthews
|
0-0: SOLO HOME RUN (Flyball, 7LD, EV 103.8 MPH), Distance : 370 ft
|
|
Batting: LHB Scott Radloff
|
0-0: Foul Ball, location: 2F 0-1: Ball 1-1: Swinging Strike 1-2: Ball 2-2: Ball 3-2: Foul Ball, location: 2F 3-2: Strikes out swinging
|
|
Batting: LHB Mike Easler
|
0-0: Ball 1-0: Swinging Strike 1-1: Ball 2-1: Fly out, F7 (Flyball, 7, EV 87.5 MPH)
|
|
Batting: LHB Darrell Evans
|
0-0: Called Strike 0-1: Ball 1-1: Fly out, F9 (Flyball, 89M, EV 96.3 MPH)
|
| Bottom of the 1st over - 1 run, 1 hit, 0 errors, 0 left on base; Los Angeles 0 - Cincinnati 1 |
| TOP OF THE 2ND |
|
Los Angeles Dodgers batting - Pitching for Cincinnati Reds : RHP Gary Nolan
|
|
Batting: RHB Roberto Reyes
|
0-0: DOUBLE (Flyball, 8RXD, EV 105.0 MPH)
|
|
Batting: RHB Mike Shelton
|
0-0: Ball 1-0: Foul Ball, location: 2F 1-1: Foul Ball, location: 2F 1-2: DOUBLE (Groundball, 5L, EV 101.9 MPH) Roberto Reyes scores
|
|
Batting: RHB Dennis Littlejohn
|
0-0: Called Strike 0-1: Swinging Strike 0-2: Ball 1-2: Foul Ball, location: 2F 1-2: Ball 2-2: Strikes out swinging
|
|
Batting: RHB Mario Soto
|
0-0: Ball 1-0: SINGLE (Groundball, 56D, EV 95.6 MPH) Mike Shelton to third Runner from 3rd tries for Home, SAFE, throw by LF to home
|
|
Batting: RHB Billy Sample
|
0-0: Ball 1-0: DOUBLE (Flyball, 8RXD, EV 111.9 MPH) Mario Soto to third Runner from 3rd tries for Home, SAFE, throw by CF to home
|
|
Batting: SHB Spike Owen
|
0-0: Called Strike Billy Sample steals 3rd base 0-1: Called Strike 0-2: Strikes out swinging
|
|
Batting: RHB Jerry Keller
|
0-0: Foul Ball, location: 2F 0-1: Fly out, F7 (Flyball, 7, EV 89.4 MPH)
|
| Top of the 2nd over - 3 runs, 4 hits, 0 errors, 1 left on base; Los Angeles 3 - Cincinnati 1 |
| BOTTOM OF THE 2ND |
|
Cincinnati Reds batting - Pitching for Los Angeles Dodgers : RHP Mario Soto
|
|
Batting: LHB Joseph Talley
|
0-0: Ball 1-0: Foul Ball, location: 2F 1-1: Ball 2-1: Called Strike 2-2: Ball 3-2: SINGLE (Groundball, 6S, EV 75.0 MPH) (infield hit)
|
|
Batting: RHB Jim Anderson
|
0-0: Ball 1-0: Swinging Strike 1-1: Ball 2-1: Called Strike 2-2: Strikes out looking
|
|
Batting: RHB John Malkin
|
0-0: Foul Ball, location: 2F 0-1: Ball 1-1: Swinging Strike 1-2: Foul Ball, location: 2F 1-2: Ball 2-2: Strikes out looking
|
|
Batting: RHB Jesus Alfaro
|
0-0: Foul Ball, location: 2F 0-1: Ball 1-1: Ball 2-1: Ball 3-1: Called Strike 3-2: Base on Balls Joseph Talley to second
|
|
Batting: RHB Gary Nolan
|
0-0: Ball 1-0: Called Strike 1-1: Fly out, F8 (Line Drive, 8RM, EV 91.9 MPH)
|
| Bottom of the 2nd over - 0 runs, 1 hit, 0 errors, 2 left on base; Los Angeles 3 - Cincinnati 1 |
| TOP OF THE 3RD |
|
Los Angeles Dodgers batting - Pitching for Cincinnati Reds : RHP Gary Nolan
|
|
Batting: RHB Dick Davis
|
0-0: Called Strike 0-1: Ball 1-1: Ball 2-1: Called Strike 2-2: Strikes out swinging
|
|
Batting: RHB Barry Evans
|
0-0: Called Strike 0-1: Called Strike 0-2: Foul Ball, location: 2F 0-2: Foul Ball, location: 2F 0-2: Foul Ball, location: 2F 0-2: Strikes out swinging
|
|
Batting: RHB Roberto Reyes
|
0-0: Called Strike 0-1: Ball 1-1: Foul Ball, location: 2F 1-2: Foul Ball, location: 2F 1-2: Ball 2-2: Ball 3-2: Fly out, F9 (Flyball, 89D, EV 83.1 MPH)
|
| Top of the 3rd over - 0 runs, 0 hits, 0 errors, 0 left on base; Los Angeles 3 - Cincinnati 1 |
| BOTTOM OF THE 3RD |
|
Cincinnati Reds batting - Pitching for Los Angeles Dodgers : RHP Mario Soto
|
|
Batting: RHB Gary Matthews
|
0-0: Called Strike 0-1: Swinging Strike 0-2: Fly out, F9 (Flyball, 9D, EV 102.5 MPH)
|
|
Batting: LHB Scott Radloff
|
0-0: Called Strike 0-1: Ground out 6-3 (Groundball, 6, EV 105.0 MPH)
|
|
Batting: LHB Mike Easler
|
0-0: Ball 1-0: Ball 2-0: Ball 3-0: Base on Balls
|
|
Batting: LHB Darrell Evans
|
0-0: Ball 1-0: Ball 2-0: Ball 3-0: Called Strike 3-1: Base on Balls Mike Easler to second
|
|
Batting: LHB Joseph Talley
|
0-0: Called Strike 0-1: Ball 1-1: Called Strike 1-2: Foul Ball, location: 2F 1-2: Ball 2-2: Ball 3-2: Foul Ball, location: 2F 3-2: Foul Ball, location: 2F 3-2: Base on Balls Mike Easler to third Darrell Evans to second
|
|
Batting: RHB Jim Anderson
|
0-0: Ball 1-0: Ball 2-0: Called Strike 2-1: Ball 3-1: Swinging Strike 3-2: Ground out 5-3 (Groundball, 5S, EV 67.5 MPH)
|
| Bottom of the 3rd over - 0 runs, 0 hits, 0 errors, 3 left on base; Los Angeles 3 - Cincinnati 1 |
| TOP OF THE 4TH |
|
Los Angeles Dodgers batting - Pitching for Cincinnati Reds : RHP Gary Nolan
|
|
Batting: RHB Mike Shelton
|
0-0: Swinging Strike 0-1: Swinging Strike 0-2: Foul Ball, location: 2F 0-2: Strikes out swinging
|
|
Batting: RHB Dennis Littlejohn
|
0-0: Fly out, F9 (Flyball, 9D, EV 96.9 MPH)
|
|
Batting: RHB Mario Soto
|
0-0: Called Strike 0-1: Ground out 4-3 (Groundball, 34, EV 78.1 MPH)
|
| Top of the 4th over - 0 runs, 0 hits, 0 errors, 0 left on base; Los Angeles 3 - Cincinnati 1 |
| BOTTOM OF THE 4TH |
|
Cincinnati Reds batting - Pitching for Los Angeles Dodgers : RHP Mario Soto
|
|
Batting: RHB John Malkin
|
0-0: Called Strike 0-1: Fly out, F9 (Line Drive, 9, EV 87.5 MPH)
|
|
Batting: RHB Jesus Alfaro
|
0-0: Called Strike 0-1: Ball 1-1: Called Strike 1-2: Fly out, F7 (Flyball, 78S, EV 80.6 MPH)
|
|
Batting: RHB Gary Nolan
|
0-0: Reached on error, E3 (Groundball, 34, EV 103.8 MPH)
|
|
Batting: RHB Gary Matthews
|
0-0: Foul Ball, location: 2F 0-1: Ball 1-1: Fly out, F3 (Popup, 3, EV 63.8 MPH)
|
| Bottom of the 4th over - 0 runs, 0 hits, 1 error, 1 left on base; Los Angeles 3 - Cincinnati 1 |
| TOP OF THE 5TH |
|
Los Angeles Dodgers batting - Pitching for Cincinnati Reds : RHP Gary Nolan
|
|
Batting: RHB Billy Sample
|
0-0: Ball 1-0: Ball 2-0: Ball 3-0: Called Strike 3-1: SINGLE (Line Drive, 8LS, EV 98.8 MPH)
|
|
Batting: SHB Spike Owen
|
0-0: Ball 1-0: Ball 2-0: Sac Bunt to 5S - play at first, batter OUT! 5-4 Billy Sample to second
|
|
Batting: RHB Jerry Keller
|
0-0: Ball 1-0: Ball 2-0: Ball 3-0: Called Strike 3-1: Base on Balls
|
|
Batting: RHB Dick Davis
|
0-0: Called Strike 0-1: Fly out, F8 (Flyball, 8RM, EV 92.5 MPH)
|
|
Batting: RHB Barry Evans
|
0-0: Called Strike 0-1: Ball 1-1: Foul Ball, location: 2F 1-2: Ball 2-2: Ball 3-2: Fly out, F8 (Flyball, 78M, EV 95.6 MPH)
|
| Top of the 5th over - 0 runs, 1 hit, 0 errors, 2 left on base; Los Angeles 3 - Cincinnati 1 |
| BOTTOM OF THE 5TH |
|
Cincinnati Reds batting - Pitching for Los Angeles Dodgers : RHP Mario Soto
|
|
Batting: LHB Scott Radloff
|
0-0: Ball 1-0: Ball 2-0: Called Strike 2-1: Ground out 2-3 (Groundball, 13S, EV 68.1 MPH)
|
|
Batting: LHB Mike Easler
|
0-0: Ball 1-0: Ground out 6-3 (Groundball, 56, EV 111.9 MPH)
|
|
Batting: LHB Darrell Evans
|
0-0: Ball 1-0: Ball 2-0: Called Strike 2-1: Ball 3-1: Called Strike 3-2: Foul Ball, location: 2F 3-2: Base on Balls
|
|
Batting: LHB Joseph Talley
|
0-0: Ball 1-0: Foul Ball, location: 2F 1-1: Called Strike 1-2: Foul Ball, location: 2F 1-2: Strikes out swinging
|
| Bottom of the 5th over - 0 runs, 0 hits, 0 errors, 1 left on base; Los Angeles 3 - Cincinnati 1 |
| TOP OF THE 6TH |
|
Los Angeles Dodgers batting - Pitching for Cincinnati Reds : RHP Gary Nolan
|
|
Batting: RHB Roberto Reyes
|
0-0: Ball 1-0: Ball 2-0: Ground out 2-3 (Groundball, 2L, EV 68.1 MPH)
|
|
Batting: RHB Mike Shelton
|
0-0: Ball 1-0: Ball 2-0: Foul Ball, location: 2F 2-1: Ball 3-1: Base on Balls
|
|
Batting: RHB Dennis Littlejohn
|
0-0: Ball 1-0: Foul Ball, location: 2F 1-1: Ball 2-1: DOUBLE (Line Drive, 89D, EV 111.9 MPH) Mike Shelton to third Runner from 3rd tries for Home, SAFE, throw by RF to home
|
|
Batting: RHB Mario Soto
|
0-0: Called Strike 0-1: Ball 1-1: Foul Ball, location: 2F 1-2: Ball 2-2: SINGLE (Flyball, 9LS, EV 86.9 MPH) Dennis Littlejohn to third Runner from 3rd tries for Home, SAFE, throw by RF to home Mario Soto to second
|
|
Batting: RHB Billy Sample
|
0-0: Intentional Walk
|
|
Batting: SHB Spike Owen
|
0-0: Foul Ball, location: 2F 0-1: Foul Ball, location: 2F 0-2: Grounds out, U3 (Groundball, 3L, EV 102.5 MPH) Mario Soto to third
|
|
Batting: RHB Jerry Keller
|
0-0: Ball 1-0: Ball 2-0: Foul Ball, location: 2F 2-1: Foul Ball, location: 2F 2-2: Fly out, F8 (Flyball, 8LXD, EV 105.0 MPH)
|
| Top of the 6th over - 2 runs, 2 hits, 0 errors, 2 left on base; Los Angeles 5 - Cincinnati 1 |
| BOTTOM OF THE 6TH |
|
Cincinnati Reds batting - Pitching for Los Angeles Dodgers : RHP Mario Soto
|
|
Batting: RHB Jim Anderson
|
0-0: Ball 1-0: Fly out, F8 (Flyball, 8LM, EV 88.8 MPH)
|
|
Batting: RHB John Malkin
|
0-0: Foul Ball, location: 2F 0-1: Foul Ball, location: 2F 0-2: Ball 1-2: Ball 2-2: Ball 3-2: Base on Balls
|
|
Batting: RHB Jesus Alfaro
|
0-0: Ball 1-0: Foul Ball, location: 2F 1-1: Ball 2-1: Foul Ball, location: 2F 2-2: Foul Ball, location: 2F 2-2: SINGLE (Groundball, 6MD, EV 100.6 MPH) John Malkin to second Runner from 2nd tries for 3rd, SAFE, no throw by CF
|
|
Pinch Runner at 3rd Marco Mosquera:
|
|
|
Batting: RHB Gary Nolan
|
0-0: Ball 1-0: Ball 2-0: Swinging Strike Passed Ball! Marco Mosquera scores Jesus Alfaro to second 2-1: Ball 3-1: Ground out 3-1 (Groundball, 34S, EV 82.5 MPH) Jesus Alfaro to third
|
|
Batting: RHB Gary Matthews
|
0-0: Ground out U3 (Groundball, 3, EV 91.9 MPH)
|
| Bottom of the 6th over - 1 run, 1 hit, 0 errors, 1 left on base; Los Angeles 5 - Cincinnati 2 |
| TOP OF THE 7TH |
|
Los Angeles Dodgers batting - Pitching for Cincinnati Reds : RHP Gary Nolan
|
|
Now at C: Marco Mosquera
|
|
|
Batting: RHB Dick Davis
|
0-0: Called Strike 0-1: Ball 1-1: Foul Ball, location: 2F 1-2: SINGLE (Line Drive, 6D, EV 94.4 MPH)
|
|
Batting: RHB Barry Evans
|
0-0: Ball 1-0: Ball 2-0: Ball 3-0: Base on Balls Dick Davis to second
|
|
Batting: RHB Roberto Reyes
|
0-0: Foul Ball, location: 2F 0-1: Fly out, F8 (Flyball, 8LS, EV 80.6 MPH)
|
|
Batting: RHB Mike Shelton
|
0-0: Foul Ball, location: 2F 0-1: SINGLE (Line Drive, 8RS, EV 97.5 MPH) Dick Davis to third Barry Evans to second Runner from 3rd tries for Home, SAFE, throw by CF to home
|
|
Batting: RHB Dennis Littlejohn
|
0-0: Ball 1-0: Grounds into double play, 4-6-3 (Groundball, 4, EV 93.1 MPH)
|
| Top of the 7th over - 1 run, 2 hits, 0 errors, 1 left on base; Los Angeles 6 - Cincinnati 2 |
| BOTTOM OF THE 7TH |
|
Cincinnati Reds batting - Pitching for Los Angeles Dodgers : RHP Mario Soto
|
|
Batting: LHB Scott Radloff
|
0-0: Foul Ball, location: 2F 0-1: Ball 1-1: Ball 2-1: Swinging Strike 2-2: Strikes out swinging
|
|
Batting: LHB Mike Easler
|
0-0: Swinging Strike 0-1: Ball 1-1: Ball 2-1: Fly out, F8 (Line Drive, 8RM, EV 93.8 MPH)
|
|
Batting: LHB Darrell Evans
|
0-0: Ball 1-0: Ball 2-0: Ball 3-0: Base on Balls
|
|
Batting: LHB Joseph Talley
|
0-0: Ball 1-0: SINGLE (Groundball, 34D, EV 101.9 MPH) Darrell Evans to second Runner from 2nd tries for 3rd, SAFE, no throw by RF
|
|
Batting: RHB Jim Anderson
|
0-0: Ball 1-0: Ball 2-0: Ball 3-0: Base on Balls Joseph Talley to second
|
|
Batting: RHB Marco Mosquera
|
0-0: Swinging Strike 0-1: Swinging Strike 0-2: Fly out, F9 (Line Drive, 9, EV 103.1 MPH)
|
| Bottom of the 7th over - 0 runs, 1 hit, 0 errors, 3 left on base; Los Angeles 6 - Cincinnati 2 |
| TOP OF THE 8TH |
|
Los Angeles Dodgers batting - Pitching for Cincinnati Reds : RHP Gary Nolan
|
|
Pinch Hitting: SHB Chris W Smith
|
0-0: Ball 1-0: Called Strike 1-1: Foul Ball, location: 2F 1-2: Strikes out swinging
|
|
Batting: RHB Billy Sample
|
0-0: Foul Ball, location: 2F 0-1: Called Strike 0-2: Ball 1-2: Ball 2-2: TRIPLE (Line Drive, 78XD, EV 105.0 MPH)
|
|
Batting: SHB Spike Owen
|
0-0: Ball 1-0: Foul Ball, location: 2F 1-1: Ball 2-1: Called Strike 2-2: Fly out, F9 (Flyball, 89S, EV 76.9 MPH) Runner from 3rd tags up, OUT at HOME! 9-2
|
| Top of the 8th over - 0 runs, 1 hit, 0 errors, 0 left on base; Los Angeles 6 - Cincinnati 2 |
| BOTTOM OF THE 8TH |
|
Cincinnati Reds batting - Pitching for Los Angeles Dodgers : RHP Mario Soto
|
|
Pitching: RHP Steve Foucault
|
|
|
Batting: RHB Jesus Alfaro
|
0-0: Swinging Strike 0-1: Foul Ball, location: 2F 0-2: Ball 1-2: Strikes out looking
|
|
Pinch Hitting: LHB Jim Bennett
|
0-0: Ball 1-0: Fly out, F8 (Line Drive, 8RD, EV 109.4 MPH)
|
|
Batting: RHB Gary Matthews
|
0-0: Ball 1-0: Ball 2-0: DOUBLE (Line Drive, 7LS, EV 96.9 MPH)
|
|
Batting: LHB Scott Radloff
|
0-0: Called Strike 0-1: Foul Ball, location: 2F 0-2: Ball 1-2: Foul Ball, location: 2F 1-2: Ball 2-2: Fly out, F7 (Flyball, 7S, EV 86.3 MPH)
|
| Bottom of the 8th over - 0 runs, 1 hit, 0 errors, 1 left on base; Los Angeles 6 - Cincinnati 2 |
| TOP OF THE 9TH |
|
Los Angeles Dodgers batting - Pitching for Cincinnati Reds : RHP Gary Nolan
|
|
Pitching: RHP Ramon Beltran
|
|
|
Batting: RHB Jerry Keller
|
0-0: Called Strike 0-1: Ball 1-1: Foul Ball, location: 2F 1-2: Foul Ball, location: 2F 1-2: Ball 2-2: Ball 3-2: Ground out 4-3 (Groundball, 4S, EV 83.8 MPH)
|
|
Batting: RHB Dick Davis
|
0-0: Ball 1-0: Ground out 4-3 (Groundball, 4M, EV 101.9 MPH)
|
|
Batting: RHB Barry Evans
|
0-0: Foul Ball, location: 2F 0-1: Ball 1-1: Fly out, F8 (Flyball, 8RS, EV 94.4 MPH)
|
| Top of the 9th over - 0 runs, 0 hits, 0 errors, 0 left on base; Los Angeles 6 - Cincinnati 2 |
| BOTTOM OF THE 9TH |
|
Cincinnati Reds batting - Pitching for Los Angeles Dodgers : RHP Steve Foucault
|
|
Batting: LHB Mike Easler
|
0-0: Ball 1-0: Called Strike 1-1: Ball 2-1: Foul Ball, location: 2F 2-2: Foul Ball, location: 2F 2-2: SINGLE (Groundball, 3S, EV 62.5 MPH) (infield hit)
|
|
Batting: LHB Darrell Evans
|
0-0: Called Strike 0-1: Ball 1-1: Foul Ball, location: 2F 1-2: SINGLE (Groundball, 3D, EV 98.8 MPH) Mike Easler to second
|
|
Batting: LHB Joseph Talley
|
0-0: Called Strike 0-1: Ball 1-1: Foul Ball, location: 2F 1-2: Ball 2-2: Strikes out swinging
|
|
Pitching: RHP Chuck Porter
|
|
|
Batting: RHB Jim Anderson
|
0-0: Foul Ball, location: 2F 0-1: Ball 1-1: Foul Ball, location: 2F 1-2: Ball 2-2: Fly out, F8 (Flyball, 8RM, EV 90.6 MPH)
|
|
Batting: RHB Marco Mosquera
|
0-0: Ball 1-0: Fly out, F8 (Flyball, 8LM, EV 97.5 MPH)
|
| Bottom of the 9th over - 0 runs, 2 hits, 0 errors, 2 left on base; Los Angeles 6 - Cincinnati 2 |
|